Map: Kairos Junction LE

Players

ShoWTimE

  • Race: Protoss Protoss
  • League: Grandmaster
  • Spawn Location: 11:00

Lambo - Winner!

  • Race: Zerg Zerg
  • League: Grandmaster
  • Spawn Location: 5:00

VOD

Have the link to the VOD?

Description

Time

  • Played on: Feb. 5, 2019, 9:23 a.m.
  • Length: 9:05
Show
View Real Time Build Order
Export as new Build Order

ShoWTimE Protoss 

Build Orders: 1 Gate Expand, Oracle Opening, Phoenix Opening, Mass Phoenix 

Get SALT Encoding   

  12  0:00  Probe  
  13  0:12  Probe  
  14  0:17  Pylon  
  14  0:24  Probe  
  15  0:31  Assimilator  
  15  0:35  Probe  
  16  0:43  Gateway, Probe  
  17  0:51  Probe  
  18  1:03  Probe  
  19  1:15  Probe  
  20  1:23  Nexus  
  20  1:33  Cybernetics Core  
  20  1:35  Probe  
  21  1:40  Assimilator  
  21  1:47  Probe  
  21  1:51  Pylon  
  22  1:59  Stalker  
  22  2:00  Probe  
  23  2:12  Probe  
  26  2:15  Stargate  
  26  2:23  Warp Gate  
  26  2:24  Probe  
  27  2:31  Probe  
  27  2:32  Adept, Probe  
  31  2:40  Probe x2  
  32  2:49  Oracle  
  32  2:50  Probe x2  
  35  3:02  Probe x2  
  40  3:08  Pylon  
  40  3:14  Probe x2  
  40  3:19  Gateway  
  42  3:26  Phoenix, Probe  
  46  3:27  Probe  
  46  3:29  Assimilator  
  46  3:32  Assimilator  
  46  3:38  Probe  
  46  3:39  Probe  
  48  3:41  Stargate  
  48  3:46  Probe  
  48  3:49  Pylon  
  48  3:51  Probe  
  48  3:54  Probe  
  50  3:59  Phoenix  
  53  4:03  Probe  
  53  4:05  Probe  
  55  4:11  Pylon  
  55  4:13  Adept x2  
  55  4:15  Probe  
  60  4:18  Pylon  
  60  4:21  Phoenix  
  60  4:24  Phoenix  
  64  4:39  Phoenix  
  64  4:43  Phoenix  
  64  4:44  Adept  
  70  4:54  Pylon  
  70  5:00  Nexus  
  70  5:05  Phoenix  
  72  5:09  Phoenix  
  74  5:18  Stalker  
  74  5:19  Robotics Facility  
  76  5:22  Stalker  
  78  5:30  Shield Battery  
  78  5:37  Robotics Facility  
  78  5:38  Pylon  
  78  5:46  Sentry x2  
  83  5:50  Probe x2  
  83  5:55  Immortal  
  84  5:57  Pylon  
  84  5:59  Gateway x2  
  84  6:10  Pylon  
  88  6:12  Probe x2  
  88  6:13  Probe  
  88  6:17  Sentry x2  
  95  6:18  Shield Battery  
  95  6:27  Immortal  
  95  6:28  Immortal  
  95  6:30  Probe  
  95  6:31  Probe  
  95  6:32  Probe  
  104  6:51  Forge  
  104  6:53  Probe, Twilight Council  
  104  6:54  Probe x2  
  106  6:59  Pylon  
  106  7:00  Zealot x2  
  114  7:09  Pylon  
  114  7:12  Immortal  
  114  7:13  Stalker x2  
  119  7:23  Shield Battery  
  119  7:24  Shield Battery  
  119  7:26  Shield Battery, Sentry  
  119  7:29  Sentry  
  123  7:35  Shield Battery  
  123  7:41  Sentry x2, Pylon  
  123  7:43  Shield Battery  
  127  7:45  Pylon  
  127  7:54  Immortal  
  127  7:56  Immortal  
  127  8:11  Zealot x4  
  91  8:23  Immortal  
  83  8:31  Stalker x3  
  83  8:32  Zealot  
  89  8:53  Zealot  
  73  8:55  Zealot x3  
Show
View Real Time Build Order
Export as new Build Order

Lambo Zerg - Winner!

Build Orders: Hatch First 

Get SALT Encoding   

  12  0:00  Drone  
  13  0:12  Overlord  
  13  0:16  Drone  
  14  0:31  Drone  
  15  0:43  Drone  
  15  0:47  Hatchery  
  15  0:51  Drone  
  15  0:56  Drone  
  17  0:58  Drone  
  18  1:10  Extractor  
  17  1:13  Spawning Pool  
  17  1:17  Drone  
  17  1:20  Drone  
  18  1:28  Drone  
  19  1:38  Drone  
  20  1:52  Overlord  
  20  2:00  Queen x2  
  24  2:01  Zergling x4  
  26  2:11  Metabolic Boost  
  26  2:12  Drone  
  26  2:13  Drone  
  28  2:22  Drone x2  
  30  2:32  Drone  
  31  2:38  Hatchery  
  31  2:39  Drone  
  31  2:45  Drone  
  31  2:46  Overlord  
  32  2:57  Drone, Queen  
  35  3:05  Drone x2  
  37  3:11  Drone x3  
  37  3:12  Drone x2  
  42  3:17  Overlord  
  42  3:19  Drone  
  43  3:20  Drone  
  44  3:30  Lair  
  44  3:33  Spore Crawler  
  43  3:34  Overlord  
  43  3:39  Extractor, Queen  
  43  3:40  Extractor  
  43  3:43  Drone  
  44  3:50  Drone x2  
  44  3:51  Drone, Overlord  
  44  3:52  Drone x2  
  44  3:55  Drone  
  50  4:00  Drone x2  
  51  4:05  Overlord  
  51  4:09  Drone, Spore Crawler  
  52  4:10  Drone  
  52  4:15  Drone x2  
  54  4:21  Drone x2  
  54  4:22  Drone x2, Extractor  
  57  4:26  Zergling x6  
  59  4:32  Overlord  
  59  4:39  Hydralisk Den  
  58  4:46  Drone x4  
  58  4:47  Zergling x2  
  58  4:48  Zergling x10  
  58  4:51  Overlord  
  68  4:59  Overlord  
  67  5:15  Muscular Augments  
  67  5:17  Hydralisk x6  
  67  5:21  Hydralisk x2  
  79  5:28  Hydralisk x2  
  83  5:33  Hydralisk x2  
  90  5:37  Hydralisk  
  90  5:39  Overlord  
  91  5:45  Hydralisk  
  91  5:46  Hydralisk  
  91  5:47  Overlord  
  95  5:50  Overlord  
  95  5:52  Hydralisk  
  95  5:58  Hydralisk x2  
  97  6:08  Overlord  
  97  6:10  Hydralisk  
  99  6:14  Hydralisk  
  99  6:17  Zergling x10  
  105  6:19  Zergling x2  
  105  6:25  Hydralisk, Zergling x4  
  109  6:26  Grooved Spines, Zergling x2  
  109  6:30  Hydralisk  
  113  6:36  Hydralisk x3  
  119  6:42  Hydralisk  
  119  6:43  Zergling x4  
  120  6:49  Hydralisk  
  120  6:51  Overlord x2  
  122  6:55  Zergling x6  
  122  7:00  Overlord, Hydralisk  
  127  7:03  Zergling x4  
  127  7:07  Overlord  
  129  7:15  Hydralisk x3  
  129  7:19  Hydralisk, Zergling x2  
  129  7:20  Zergling x2  
  129  7:22  Zergling x2  
  140  7:24  Hydralisk  
  140  7:28  Zergling x2  
  140  7:29  Zergling x2  
  144  7:32  Hydralisk  
  146  7:40  Hydralisk  
  146  7:43  Zergling x14  
  154  7:48  Hydralisk  
  154  7:49  Zergling x4  
  154  7:50  Zergling x2  
  159  7:52  Overlord  
  159  7:56  Hydralisk, Zergling x2  
  161  8:04  Hydralisk  
  161  8:05  Zergling x6  
  152  8:08  Hydralisk  
  152  8:11  Hydralisk  
  152  8:12  Zergling x4  
  127  8:17  Zergling x4  
  127  8:18  Hydralisk  
  127  8:19  Zergling x2  
  123  8:24  Hydralisk  
  123  8:25  Zergling x4  
  123  8:30  Zergling x6  
  123  8:32  Hydralisk  
  123  8:33  Zergling x2  
  125  8:42  Zergling x8  
Tags
 
Add a new tag
Caveats
  • Supply blocks, unpowered buildings, or Contaminate may cause inaccurate times.
  • Supply counts are checked every 10 seconds.